 Dungeon Crawl Stone Soup version 0.29-a0-555-g3b24f45cc1 (webtiles) character file.

Game seed: 7271573407876292055

69 zeratav the Cutter (level 4, -1/26 HPs)
             Began as a Kobold Gladiator on June 8, 2022.
             Slain by a gnoll
             ... wielding a +0 whip
              (2 damage)
             ... on level 3 of the Dungeon.
             The game lasted 00:01:59 (1818 turns).

zeratav the Cutter (Kobold Gladiator)               Turns: 1818, Time: 00:01:59

Health: -1/26      AC:  4    Str: 11    XL:     4   Next: 42%
Magic:  4/4        EV: 15    Int:  9    God:
Gold:   63         SH:  0    Dex: 18    Spells: 3/3 levels left

rFire   . . .      SeeInvis .   a - +0 rapier {short}
rCold   . . .      Faith    .   (no shield)
rNeg    . . .      Spirit   .   b - +0 leather armour
rPois   .          Reflect  .   c - +0 helmet
rElec   .          Harm     .   (no cloak)
rCorr   .          Rampage  .   (no gloves)
Will    .....                   (no boots)
Stlth   ++........              (no amulet)
HPRegen 0.08/turn               (no ring)
MPRegen 0.09/turn               (no ring)

@: no status effects
A: small, no large weapons, nightstalker 3
a: no special abilities


You were on level 3 of the Dungeon.
You visited 1 branch of the dungeon, and saw 3 of its levels.

You collected 63 gold pieces.


Innate Abilities, Weirdness & Mutations

You are small and have problems with some larger weapons.
You are completely attuned to the shadows.


   Skills:
 - Level 2.1 Fighting
 + Level 6.5 Short Blades
 - Level 2.1 Throwing
 - Level 3.6 Dodging


You had 3 spell levels left.
You didn't know any spells.
Your spell library contained the following spells:

 Spells                   Type           Power      Damage    Failure   Level
 Apportation              Tloc           0%         N/A       47%         1
 Alistair's Intoxication  Tmut/Pois      0%         N/A       100%        5

Inventory:

Hand Weapons
 a - a +0 rapier (weapon) {short}
Missiles
 d - 3 throwing nets (quivered) {=fthrowing}
 e - 2 boomerangs {throwing}
Armour
 b - a +0 leather armour (worn)
 c - a +0 helmet (worn)
 g - a +0 ring mail
   (You found it on level 2 of the Dungeon)
 i - a +0 ring mail
   (You found it on level 2 of the Dungeon)
 n - a +0 leather armour
   (You took it off a kobold on level 2 of the Dungeon)
Jewellery
 j - an amulet of faith {!P}
   (You found it on level 1 of the Dungeon)
Scrolls
 h - 6 scrolls of identify {unknown}
 k - 2 scrolls of blinking {unknown}
 p - a scroll of immolation {unknown}
 r - 2 scrolls of enchant weapon {unknown}
Potions
 f - 3 potions of curing {unknown}
 l - a potion of lignification {unknown}
 m - a potion of attraction {unknown}
 o - a potion of might {unknown}
 q - a potion of mutation {unknown}

Dungeon Overview and Level Annotations

Branches:
Dungeon (3/15)

Altars:

... .. #.
#.# ...
...#.###.##
g...#.#<....
≈...........
≈..##.######
≈....@....


PlSggg.### [........ ≈........# .........# ##....... You could see 2 gnolls, a
hobgoblin, a ball python and a frilled lizard.


Message History

o - a fuming emerald potion A rat comes into view.
A rat is nearby!
You barely miss the rat. The rat barely misses you.
You hit the rat. The rat completely misses you.
You closely miss the rat. The rat misses you.
You hit the rat but do no damage. The rat bites you.
HP[-1]
You take 1 damage, and now have 25/26 hp.
You hit the rat.
You kill the rat!
No target in view!
No target in view!
No target in view!
No target in view!
No target in view!
No target in view!
No target in view!
You now have 63 gold pieces (gained 12).
An adder comes into view.
HP[+1]
Your hp is fully restored (26).
An adder is nearby!
The helpless adder fails to defend itself.
You puncture the adder!
You kill the adder!
No target in view!
No target in view!
No target in view!
No target in view!
No target in view!
No target in view!
No target in view!
No target in view!
No target in view!
No target in view!
No target in view!
There is a stone staircase leading up here.
Done exploring.
Done exploring.
Done exploring.
(D) Dungeon
Where to? (Enter - D:2, ? - help)
There is a stone staircase leading down here.
You climb downwards.
There is a stone staircase leading up here.
A bat comes into view.
You hit the bat. The bat hits you but does no damage.
You puncture the bat!
You kill the bat!
A gnoll comes into view. It is wielding a +0 club.
A gnoll comes into view. It is wielding a +0 whip.
The gnoll shouts! x2; You hear a shout!
You hear an angry hiss.
You hear a shout!
A hobgoblin comes into view.
The gnoll hits you with a +0 club.
The hobgoblin shouts!
HP[-2]
You take 2 damage, and now have 24/26 hp.
You puncture the gnoll! The gnoll closely misses you.
The gnoll hits you with a +0 whip.
A ball python comes into view.
HP[-3]
You take 3 damage, and now have 21/26 hp.
You barely miss the gnoll.
A goblin comes into view. It is wielding a +0 club.
The gnoll closely misses you. The gnoll hits you with a +0 whip.
A frilled lizard comes into view.
HP[-6]
You take 6 damage, and now have 15/26 hp.
MASSIVE DAMAGE!! (PAUSE)
You are too injured to fight recklessly!
You are too injured to fight recklessly!
You are too injured to fight recklessly!
You are too injured to fight recklessly!
You are too injured to fight recklessly!
You are too injured to fight recklessly!
You are too injured to fight recklessly!
You are too injured to fight recklessly!
You are too injured to fight recklessly!
You are too injured to fight recklessly!
You are too injured to fight recklessly!
You are too injured to fight recklessly!
You are too injured to fight recklessly!
You are too injured to fight recklessly!
You are too injured to fight recklessly!
You are too injured to fight recklessly!
You are too injured to fight recklessly!
You are too injured to fight recklessly!
You are too injured to fight recklessly!
The gnoll attacks as you move away! The gnoll closely misses you.
The gnoll attacks as you move away! The gnoll hits you with a +0 whip!
* * * LOW HITPOINT WARNING * * *
HP[-8]
You take 8 damage, and now have 7/26 hp.
MASSIVE DAMAGE!! (PAUSE)
The gnoll attacks as you move away! The gnoll hits you with a +0 club.
* * * LOW HITPOINT WARNING * * *
The gnoll attacks as you move away! The gnoll hits you with a +0 whip.
You die...

Skill      XL: |  1  2  3 |
---------------+----------+-----
Short Blades   | 5 6 |  6.5
Fighting       | |  2.1
Throwing       | |  2.1
Dodging        | |  3.6

Action                   |  1- 3 |  4- 6 || total
-------------------------+-------+-------++-------
Melee: Rapier            |    73 |    23 ||    96
       Punch             |     1 |       ||     1
 Stab: Sleeping          |    18 |     2 ||    20
Armor: Leather armour    |    12 |     5 ||    17
Dodge: Dodged            |    37 |    17 ||    54

Levels and vault maps discovered:
D:1:      wander_arrival_chamber, layout_loops_ring, minmay_pentomino_q4
D:2:      layout_basic
D:3:      layout_basic, mainiacjoe_overflow_24_doors,
          chequers_temple_overflow_statue_of_worship,
          shapermc_ecumenical_altar_acropolis, uniq_robin

Notes
Turn   | Place    | Note
-------+----------+-------------------------------------------
     0 | D:1      | zeratav the Kobold Gladiator began the quest for the Orb.
     0 | D:1      | Reached XP level 1. HP: 12/12 MP: 1/1
     0 | D:1      | magus.rc [v1.9.6]
   120 | D:1      | Reached XP level 2. HP: 17/17 MP: 2/2
   288 | D:1      | Reached skill level 5 in Short Blades
   375 | D:1      | Reached XP level 3. HP: 21/21 MP: 3/3
   848 | D:2      | You pick up a book of Party Tricks and begin reading...
   848 | D:2      | You add the spells Apportation and Alistair's Intoxication
                  | to your library.
  1031 | D:2      | Reached skill level 6 in Short Blades
  1232 | D:2      | Reached XP level 4. HP: 20/26 MP: 4/4
  1818 | D:3      | HP: 1/26 [gnoll/+0 club (6)]
  1818 | D:3      | Slain by a gnoll

Vanquished Creatures
  2 adders (D:2)
  A worm (D:2)
  8 bats
  5 endoplasms
  2 giant cockroaches
  A goblin (D:1)
  5 hobgoblins
  7 kobolds
  3 quokkas
  6 frilled lizards
  3 rats
43 creatures vanquished.

Table legend:
 A = Non-vault XP
 B = Vault XP
 C = Vault XP percentage of total XP
 D = Non-vault monster count
 E = Vault monster count
 F = Vault count percentage of total count
                 A         B        C        D         E       F
            +---------+---------+-------+---------+---------+-------
      Total |      94 |       5 |   5.1 |      39 |       4 |   9.3
            +---------+---------+-------+---------+---------+-------
        D:1 |      32 |       5 |  13.5 |      18 |       4 |  18.2
        D:2 |      61 |       0 |   0.0 |      20 |       0 |   0.0
        D:3 |       1 |       0 |   0.0 |       1 |       0 |   0.0
            +---------+---------+-------+---------+---------+-------

Illustrated notes

Table legend:
 A = Kills in this place as a percentage of kills in entire the game.
 B = Kills by you in this place as a percentage of kills by you in the entire game.
 C = Kills by friends in this place as a percentage of kills by friends in the entire game.
 D = Other kills in this place as a percentage of other kills in the entire game.
 E = Experience gained in this place as a percentage of experience gained in the entire game.
 F = Experience gained in this place divided by the number of levels of this place that you have seen.
                   A       B       C       D       E      F
               +-------+-------+-------+-------+-------+----------------------
         Total | 100.0 | 100.0 |   N/A |   N/A | 100.0 |  33.0
       Dungeon | 100.0 | 100.0 |   N/A |   N/A | 100.0 |  33.0
               +-------+-------+-------+-------+-------+----------------------

Table legend: (Time is in decaauts)
 A = Elapsed time spent in this place.
 B = Non-inter-level travel time spent in this place.
 C = Inter-level travel time spent in this place.
 D = Time resting spent in this place.
 E = Time spent auto-exploring this place.
 F = Levels seen in this place.
 G = Mean time per level.
                   A        B        C        D        E       F      G
               +--------+--------+--------+--------+--------+-----+--------+
         Total |   1809 |   1773 |     36 |    246 |   1268 |   3 |  603.0 |
       Dungeon |   1809 |   1773 |     36 |    246 |   1268 |   3 |  603.0 |
               +--------+--------+--------+--------+--------+-----+--------+

Top non-repeatable levels by time:
     D:2: 1050 daAuts
     D:1: 747 daAuts
     D:3: 11 daAuts
